 Dungeon Crawl Stone Soup version 0.20.1-1-g8b1a95d (webtiles) character file.

40 Monsterracer the Sneak (level 3, 0/27 HPs)
             Began as a Vampire Assassin on Aug 17, 2017.
             Slain by Terence
             ... wielding a +2 hand axe of electrocution
              (5 damage)
             ... on level 2 of the Dungeon.
             The game lasted 00:03:42 (906 turns).

Monsterracer the Sneak (Vampire Assassin)            Turns: 906, Time: 00:03:44

Health: 0/27       AC:  3    Str: 10    XL:     3   Next: 30%
Magic:  3/3        EV: 12    Int: 13    God:
Gold:   69         SH:  0    Dex: 16    Spells: 2/2 levels left

rFire    . . .     SeeInvis +     - Unarmed
rCold    . . .     Gourm    .   (no shield)
rNeg     + . .     Faith    .   c - +0 robe
rPois    .         Spirit   .   (no helmet)
rElec    .         Reflect  .   d - +0 cloak
rCorr    .         Harm     .   (no gloves)
MR       .....                  (no boots)
Stlth    +++.......             (no amulet)
Regen    0.1/turn               (no ring)
MPRegen  0.1/turn               (no ring)

@: no status effects
A: fangs 3, see invisible, unbreathing
a: Bat Form


You were on level 2 of the Dungeon.
You were not thirsty.

You visited 1 branch of the dungeon, and saw 2 of its levels.

You collected 69 gold pieces.

Inventory:

Hand Weapons
 b - a +0 blowgun
Missiles
 e - 8 poisoned needles
 f - 2 curare-tipped needles
Armour
 c - a +0 robe (worn)
 d - a +0 cloak (worn)
Scrolls
 a - a scroll of magic mapping {unknown}
 h - a scroll of amnesia {unknown}
 j - a scroll of identify {unknown}
 k - a scroll of enchant armour {unknown}
 l - a scroll of noise {unknown}
Potions
 g - a potion of blood
 i - a potion of agility {unknown}


   Skills:
 + Level 1.8 Fighting
   Level 2.1 Short Blades
 - Level 1.5 Throwing
 + Level 1.1 Dodging
 + Level 5.8 Stealth
 * Level 3.2 Unarmed Combat


You had 2 spell levels left.
You didn't know any spells.

Dungeon Overview and Level Annotations

Branches:
Dungeon (2/15)

Altars:

Annotations:
D:2 Terence


Innate Abilities, Weirdness & Mutations

You have razor-sharp teeth.
You have supernaturally acute eyesight. (SInv)
You can survive without breathing.


Message History

Terence the Incautious comes into view.
He is wielding a hand axe of electrocution.
Found a stone staircase leading down.
Wield which item (- for none, * to show all)? (? for menu, Esc to quit)
Okay, then.
The helpless Terence fails to defend himself.
You hit Terence.
Terence is lightly wounded.
You punch Terence!
Terence is heavily wounded.
Terence hits you with a hand axe of electrocution.
You are electrocuted!
Ouch! That really hurt!
* * * LOW HITPOINT WARNING * * *
Huge Dmg: -88%(-24hp) hp: 12%(3hp)
Press: ? - help, v - describe, . - travel
Here: Terence, wielding a hand axe of electrocution and wearing a scale mail (heavily wounded)
The floor, spattered with blood.
You fail to use your ability.
Terence hits you with a hand axe of electrocution.
You die...

.##...#...........
..................
##...............
#[.........#....
#..........#....
#.......####.....
#.......# .....
####...@####.....
#####....@........
#.....###........#
#.....# #........#
#.....# #........#
#.....###........#
#####............#
#............#
#.....(...####
#....<....#


You could see Terence.

Vanquished Creatures
  An adder (D:1)
  2 dart slugs (D:1)
  2 leopard geckos (D:1)
  A giant cockroach (D:1)
  2 goblins (D:1)
  3 hobgoblins (D:1)
  2 jackals (D:1)
  6 kobolds (D:1)
  2 bats (D:1)
  3 rats (D:1)
24 creatures vanquished.

Notes
Turn   | Place    | Note
-------+----------+-------------------------------------------
     0 | D:1      | Monsterracer the Vampire Assassin began the quest for the Orb.
     0 | D:1      | Reached XP level 1. HP: 16/16 MP: 1/1
     6 | D:1      | Noticed a yaktaur captain
     6 | D:1      | Noticed a worker ant
     6 | D:1      | Noticed a tyrant leech
     6 | D:1      | Noticed a komodo dragon
    56 | D:1      | Reached skill level 1 in Unarmed Combat
   194 | D:1      | Reached XP level 2. HP: 22/22 MP: 2/2
   614 | D:1      | HP: 9/22 [adder (3)]
   617 | D:1      | Reached XP level 3. HP: 9/27 MP: 1/3
   622 | D:1      | HP: 7/27 [poisoned by an adder]
   884 | D:2      | Noticed Terence
   892 | D:2      | HP: 3/27 [Terence/hand axe of electrocution (18)]
   906 | D:2      | Slain by Terence

Skill      XL: |  1  2 |
---------------+-------+-----
Unarmed Combat | 1 3 |  3.2
Fighting       | |  1.8
Short Blades   | |  2.1
Throwing       | |  1.5
Dodging        | |  1.1
Stealth        | |  5.8

Action                   || total
-------------------------++-------
Melee: Dagger            ||    31
       Bite              ||     4
       Short sword       ||    39
       Unarmed           ||     2
 Fire: Blowgun           ||     3
  Use: Potion            ||     4
 Stab: Sleeping          ||     8
Armor: Robe              ||    13
Dodge: Dodged            ||    35
